[Event "Couzeix rapide 9 rondes cadences multiples"]
[Site "Couzeix Chess Club, France"]
[Date "2019.03.10"]
[Round "1.1"]
[White "Monnet, Sebastien"]
[Black "Jackson, Thomas"]
[Result "0-1"]
[TimeControl "5'+10''pm,  7'+10''pm, 10'+10''pm,"]
[WhiteElo "1604"]
[BlackElo "2106"]

1. e4 c5 2. Nc3 e6 3. f4 d5 4. exd5 exd5 5. Nf3 Nc6 6. d3 Nf6 7. Be2 Be7 8. O-O O-O 9. d4 cxd4 10. Nxd4 Bc5 11. Be3 Re8 12. Bf2 Nxd4 13. Bxd4 Qb6 14. Bxc5 Qxc5+ 15. Kh1 Bd7 16. Bf3 Bc6 17. Qd2 d4 18. Bxc6 dxc3 19. Qxc3 Qxc3 20. bxc3 bxc6 21. Rfe1 Rxe1+ 22. Rxe1 Re8 0-1

[Event "Couzeix rapide 9 rondes cadences multiples"]
[Site "Couzeix Chess Club, France"]
[Date "2019.03.10"]
[Round "1.2"]
[White "Dubreuil, Remy"]
[Black "Geronimus, Thierry"]
[Result "1-0"]
[TimeControl "5'+10''pm,  7'+10''pm, 10'+10''pm,"]
[WhiteElo "1714"]
[BlackElo "1317"]

1. b3 e5 2. Bb2 d6 3. e3 g6 4.
Nf3 Bg7 5. e4 Nf6 6. Nc3 Nbd7 7. Be2 b6 8.
O-O O-O 9. a4 Bb7 10. d3 a6 11. Rb1 Rb8 12. Bc1 Re8 13. Bg5 Qc8 14. Qc1 Nh5 15. h3 Nf4 16. Bxf4 exf4 17. d4 Bxe4 18. Nxe4 Rxe4 19. Bd3 Re8 20. Qxf4 Nf6 21. Qg5 Qd8 22.
Bxa6 Ne4 23. Qxd8 Rbxd8 24. Bb5 Re7 25. Bc6 Nf6 26. Rbe1 Rxe1 27. Rxe1 h5 28. Re7 d5 29. Rxc7 Ne4 30.
c4 Nc3 31. cxd5 Nxd5 32. Bxd5 Rxd5 33. Rb7 Bxd4 34. Nxd4 Rxd4 35. Rxb6 Kf8 36. b4 Ke7 37. a5 Kd8 38. a6 Kc7 39.
Rb7+ Kc8 40. b5 Ra4 41. Rxf7 Ra5 42. a7 Kd8 43. b6 Kc8 44. b7+ Kd8 1-0

[Event "Couzeix rapide 9 rondes cadences multiples"]
[Site "Couzeix Chess Club, France"]
[Date "2019.03.10"]
[Round "1.3"]
[White "Tireau, Jean-Marie"]
[Black "Girel, Joseph"]
[Result "0-1"]
[TimeControl "5'+10''pm,  7'+10''pm, 10'+10''pm,"]
[WhiteElo "1509"]
[BlackElo "2220"]

1. Nf3 d5 2. c4 c6 3. g3 Nf6 4. Bg2 e6 5. O-O Be7 6. d4 O-O 7. Nc3 dxc4 8. Ne5 Nd5 9. Nxc4 Nd7 10. e4 Nxc3 11. bxc3 c5 12.
Ba3 b5 13. Ne3 Bb7 14. Rb1 Qa5 15. Qb3 Ba6 16. dxc5 Nxc5 17. Bxc5 Bxc5 18. Nc2 Qb6 19. Rbd1 b4 20. cxb4 Bxf1 21. bxc5 Qxb3 22. axb3 Bxg2 23. Kxg2 Rfc8 24. b4 a5 25. Ra1 axb4 26. Rxa8 Rxa8 27. Nxb4 Ra4 28. Nd3 Rxe4 29. Kf3 Rc4 30. Ke3 Kf8 31. f4 Ke7 32. h3 f6 33. g4 Kd7 34. g5 Kc6 35. h4 Kd5 36. h5 fxg5 37. fxg5 e5 0-1

[Event "Couzeix rapide 9 rondes cadences multiples"]
[Site "Couzeix Chess Club, France"]
[Date "2019.03.10"]
[Round "1.4"]
[White "Jackson, Edgar"]
[Black "Anne, Jerome"]
[Result "1-0"]
[TimeControl "5'+10''pm,  7'+10''pm, 10'+10''pm,"]
[WhiteElo "1701"]
[BlackElo "1399"]

1. d4 d5 2. c4 e6 3.
Nc3 b6 4. Nf3 c5 5. cxd5 exd5 6. Bf4 Nc6 7. e3 Be6 8. Bb5 Bd7 9. Nxd5 a6 10. Bxc6 Qc8 11. Bxd7+ Qxd7 12. Nc7+ Kd8 13.
Nxa8 Qa7 14. dxc5+ Qd7 15. Qxd7+ Kxd7 16. Nxb6+ Kd8 17. O-O-O+ Kc8 18. Bd6+ Kb7 19. Bxf8 Nf6 20. Bxg7 Ne4 21.
Rd7+ Kc6 22. Nd4+ Kxc5 23. Bxh8 Kxb6 24. Rxf7 h5 25. Nb3 Nxf2 26. Rxf2 h4 27. Rf5 Kc6 28. Nd4+ Kb6 29. Rd1 a5 30. Nf3 Kc6 31. Rdd5 Kb6 32. Rd6+ Kc7 33. Be5 Kc8 34. Rf7 Kb8 35.
Rh6+ Ka8 36. Rh8# 1-0

[Event "Couzeix rapide 9 rondes cadences multiples"]
[Site "Couzeix Chess Club, France"]
[Date "2019.03.10"]
[Round "2.1"]
[White "Jackson, Thomas"]
[Black "Charles, Simon"]
[Result "1/2-1/2"]
[TimeControl "5'+10''pm,  7'+10''pm, 10'+10''pm,"]
[WhiteElo "2106"]
[BlackElo "1754"]

1. d4 Nf6 2. c4 c5 3. d5 b5 4. cxb5 a6 5. bxa6 Bxa6 6. Nc3 d6 7.
Nf3 g6 8. g3 Bg7 9. Bg2 O-O 10. O-O Nbd7 11.
Rb1 Qb6 12. b3 Rfb8 13. Bb2 Ng4 14. h3 Nge5 15. Nxe5 Nxe5 16. Ba1 Qb4 17. Qc1 Nd7 18. Rd1 Bb7 19. a4 Nf6 20. Nb5 Qa5 21.
Bc3 Qd8 22. e4 Ba6 23. Na3 Be2 24. Re1 Bd3 25. Rb2 Rb7 26. Qe3 Ba6 27. Reb1 Qc7 28. Kh2 Nd7 29. Bxg7 Kxg7 30. f4 Rab8 31. Bf1 Bxf1 32. Rxf1 Nb6 33. Nb5 Qd7 34. e5 Nxd5 35.
Qe4 dxe5 36. Rd1 e6 37. Qxe5+ Kg8 38. Rc2 Rc8 39. Nd6 f6 40. Qe4 Qxd6 41. Rd3 Rcb8 42. Qc4 Qc6 43. Re2 Rb4 44. Qc2 Kf7 45. Qd1 c4 46. bxc4 Qxc4 47. Rc2 Rb2 48.
Rdd2 Ne3 49. Rxc4 Nxd1 50. Rxb2 Rxb2+ 51. Kg1 Ne3 52. Rc7+ Ke8 53. g4 Ra2 54. Ra7 Nd5 55. a5 Nxf4 56. a6 Nd5 57. Ra8+ Kd7 58. h4 Nc7 59. Rh8 Nxa6 60. Rxh7+ Ke8 61.
Rg7 Kf8 62. Rxg6 Kf7 63. Rh6 Kg7 64.
g5 fxg5 65. hxg5 e5 66. Re6 Ra5 67. Kf2 Nc5 68. Re7+ Kg6 69. Ke3 Kxg5 70. Rxe5+ Kf6 71. Rh5 1/2-1/2

[Event "Couzeix rapide 9 rondes cadences multiples"]
[Site "Couzeix Chess Club, France"]
[Date "2019.03.10"]
[Round "2.2"]
[White "Boisseau, David"]
[Black "Dubreuil, Remy"]
[Result "1-0"]
[TimeControl "5'+10''pm,  7'+10''pm, 10'+10''pm,"]
[WhiteElo "1803"]
[BlackElo "1714"]

1. d4 Nf6 2. c3 g6 3. Bf4 Bg7 4. Nf3 d6 5. Nbd2 Nc6 6. e3 Bg4 7. Bb5 a6 8. Bxc6+ bxc6 9. Qa4 Bd7 10. Qc2 O-O 11. O-O Rb8 12.
e4 Nh5 13. Be3 e5 14. dxe5 dxe5 15. Rfd1 Qe7 16. b4 Rfe8 17. Bc5 Qf6 18. h3 Be6 19. Nb3 Bxh3 20. Be3 h6 21. Nxe5 Qxe5 22.
gxh3 Nf4 23. Bxf4 Qxf4 24. Re1 Be5 25. Qd3 Rbd8 26. Qe3 Qf6 27. Rac1 Bf4 28. Qf3 Qg5+ 1-0

[Event "Couzeix rapide 9 rondes cadences multiples"]
[Site "Couzeix Chess Club, France"]
[Date "2019.03.10"]
[Round "2.3"]
[White "Girel, Joseph"]
[Black "Mace, Emmanuel"]
[Result "0-1"]
[TimeControl "5'+10''pm,  7'+10''pm, 10'+10''pm,"]
[WhiteElo "2220"]
[BlackElo "1724"]

1. d4 d5 2. c4 c6 3. cxd5 cxd5 4. Nc3 Nf6 5. Nf3 Nc6 6. Bf4 a6 7. e3 e6 8.
Bd3 h6 9. O-O Be7 10. Rc1 O-O 11. Na4 Nh5 12. Bg3 Nxg3 13. hxg3 f5 14. Nc5 Qd6 15. Qb3 b6 16. Na4 Nb4 17.
Be2 Rb8 18. Ne5 Bd7 19. a3 Bxa4 20. Qxa4 b5 21. Qxb4 Qxb4 22. axb4 Bxb4 23. Nc6 0-1

[Event "Couzeix rapide 9 rondes cadences multiples"]
[Site "Couzeix Chess Club, France"]
[Date "2019.03.10"]
[Round "2.4"]
[White "Bonnichon, Arnaud"]
[Black "Jackson, Edgar"]
[Result "1-0"]
[TimeControl "5'+10''pm,  7'+10''pm, 10'+10''pm,"]
[WhiteElo "1605"]
[BlackElo "1701"]

1. e4 c5 2. Bc4 e6 3. Nf3 Nc6 4.
O-O a6 5. d4 cxd4 6. Nxd4 Qc7 7.
Be3 Nf6 8. Nd2 b5 9. Bd3 Bb7 10. N2f3 d5 11. Nxc6 Bxc6 12. e5 Nd7 13. Bf4 Be7 14. Re1 Rc8 15. Re2 h6 16. Qd2 Nb6 17.
b3 Nd7 18. Bg3 Bc5 19. Qf4 Be7 20. Qg4 g5 21. Nd4 h5 22. Qf3 h4 23. Bxh4 gxh4 24. Qf4 h3 25. Qg4 Nf8 26. Re3 Rh4 27. Qg7 Rxd4 28. Rxh3 Bc5 29.
Rh8 Rf4 30. Rf1 Bd4 31. Rxf8+ Ke7 32. Rxc8 Qxc8 33. Qg5+ Kd7 34. Qxf4 Bb6 35. Qxf7+ Kd8 36. Bg6 Qd7 37. h4 Bd4 38. Qf4 Bb2 39. h5 Qg7 40. Re1 b4 41. Qg5+ Kc7 42. h6 Qh8 43. Qe7+ Kb6 44. Qxb4+ 1-0

[Event "Couzeix rapide 9 rondes cadences multiples"]
[Site "Couzeix Chess Club, France"]
[Date "2019.03.10"]
[Round "3.1"]
[White "Dubreuil, Remy"]
[Black "Bonnichon, Arnaud"]
[Result "1-0"]
[TimeControl "5'+10''pm,  7'+10''pm, 10'+10''pm,"]
[WhiteElo "1714"]
[BlackElo "1605"]

1. b3 Nf6 2. Bb2 Nc6 3.
Nf3 d5 4. e3 Bf5 5. Bb5 Bd7 6. O-O a6 7.
Bxc6 Bxc6 8. d4 e6 9. Nc3 Bd6 10. Ne2 Bb5 11. Re1 Bxe2 12. Qxe2 O-O 13. c4 c6 14. Red1 Rc8 15. c5 Bc7 16.
b4 Ra8 17. a4 Qd7 18. Ba3 Ne4 19. Qb2 f6 20. b5 axb5 21.
axb5 Ba5 22. bxc6 bxc6 23. Bb4 Rfb8 24. Rdb1 Rxb4 25. Rxa5 Rab8 26. Qxb4 Rxb4 27. Rxb4 Qc7 28. Ra8+ Kf7 29.
Rbb8 Kg6 30. Rb6 Nc3 31. Raa6 h6 32. g3 Ne4 33. Kg2 Qc8 34. Rxc6 Qb7 35. Rcb6 Qd7 36. c6 Qc7 37. Rb7 Qc8 38. Raa7 Nd6 39. Rxg7+ Kf5 40. Nd2 e5 41. g4+ Ke6 42. Rge7# 1-0

[Event "Couzeix rapide 9 rondes cadences multiples"]
[Site "Couzeix Chess Club, France"]
[Date "2019.03.10"]
[Round "3.2"]
[White "Lougnon, Florian"]
[Black "Girel, Joseph"]
[Result "0-1"]
[TimeControl "5'+10''pm,  7'+10''pm, 10'+10''pm,"]
[WhiteElo "1783"]
[BlackElo "2220"]

1. b3 g6 2. Bb2 Nf6 3. e3 Bg7 4. Nf3 O-O 5. d4 c5 6. Bd3 b6 7. O-O Bb7 8. Nbd2 d6 9. c4 Nbd7 10. d5 e5 11. dxe6 fxe6 12. Ng5 Qe7 13. Qc2 d5 14. cxd5 exd5 15.
e4 h6 16. Ngf3 dxe4 17. Nxe4 Bxe4 18. Bxe4 Qxe4 19. Qd2 Qd5 20. Qc2 Qf5 21. Qc4+ Kh7 22. Rad1 Rad8 23. Rfe1 Rfe8 24. Qf7 Rxe1+ 25. Rxe1 Rf8 26. Qe7 Re8 27.
Qf7 Rxe1+ 28. Nxe1 Qb1 0-1

[Event "Couzeix rapide 9 rondes cadences multiples"]
[Site "Couzeix Chess Club, France"]
[Date "2019.03.10"]
[Round "3.3"]
[White "Bonneau, Alain"]
[Black "Seddik, Houssem"]
[Result "0-1"]
[TimeControl "5'+10''pm,  7'+10''pm, 10'+10''pm,"]
[WhiteElo "1548"]
[BlackElo "1492"]

1. e4 d5 2. exd5 Nf6 3. d4 Bg4 4. Be2 Bxe2 5. Nxe2 Qxd5 6. c4 Qxg2 7. Rg1 Qh3 8. Bf4 Qd7 9. Nbc3 Nc6 10.
d5 Nd8 11. Nb5 e5 12. Bxe5 Bd6 13. Nxd6+ cxd6 14. Bc3 Qf5 15. Ng3 Qf4 16. Qe2+ Kd7 17. Bd2 Qh4 18. O-O-O Re8 19. Qf3 Qxc4+ 20. Kb1 Qxd5 21. Qg4+ Nxg4 0-1

[Event "Couzeix rapide 9 rondes cadences multiples"]
[Site "Couzeix Chess Club, France"]
[Date "2019.03.10"]
[Round "3.4"]
[White "Brun, Pierre"]
[Black "Besse, Florian"]
[Result "0-1"]
[TimeControl "5'+10''pm,  7'+10''pm, 10'+10''pm,"]
[WhiteElo "1684"]
[BlackElo "1762"]

1. Nf3 e6 2. c4 c6 3. g3 Nf6 4. Bg2 d5 5. O-O Nbd7 6. d4 Be7 7. Nc3 Qc7 8. cxd5 exd5 9. Re1 Nb6 10.
e4 dxe4 11. Nxe4 Nxe4 12. Rxe4 Bf5 13. Re5 Bg4 14. Bf4 O-O-O 15. Qd3 Bd6 16. Rg5 h5 17. h3 Bxf4 18. hxg4 Bxg5 19. Qf5+ Qd7 20.
Nxg5 Qxf5 21. gxf5 Rd7 22. Bh3 f6 23. Ne6 Nd5 24. Nc5 Re7 25. Bg2 h4 26. Bxd5 cxd5 27. g4 Re2 28. b3 h3 29. Ne6 h2+ 30.
Kh1 Rxf2 31. Rc1+ Kd7 32. Nc5+ Kd6 33. Nxb7+ Kd7 34. Nc5+ Ke7 35. Re1+ Kf7 36. Ne6 Rh4 37. Nd8+ Kg8 38.
Nc6 Rxg4 39. Ne7+ Kf7 40. Nxd5 Rfg2 41. Re7+ Kg8 42. Rxa7 Rb2 43. Ra8+ Kh7 44. Nxf6+ gxf6 45. Ra7+ Kh6 46. Ra6 Rg1# 0-1

[Event "Couzeix rapide 9 rondes cadences multiples"]
[Site "Couzeix Chess Club, France"]
[Date "2019.03.10"]
[Round "4.1"]
[White "Seddik, Houssem"]
[Black "Dubreuil, Remy"]
[Result "0-1"]
[TimeControl "5'+10''pm,  7'+10''pm, 10'+10''pm,"]
[WhiteElo "1492"]
[BlackElo "1714"]

1. e4 e6 2. d3 d5 3. Nd2 Nf6 4. Ngf3 Be7 5. g3 O-O 6. Bg2 c5 7. O-O Nc6 8. Re1 Qc7 9. Nf1 dxe4 10. dxe4 e5 11. c3 Bg4 12. Qe2 Rad8 13.
h4 Qc8 14. Ne3 Be6 15. Ng5 Bg4 16. f3 Be6 17. Nxe6 Qxe6 18. Nf5 Kh8 19. Bh3 g6 20.
Nxe7 Qxh3 21. Nxc6 Qxg3+ 22. Qg2 Qxe1+ 23. Kh2 Qxh4+ 24. Kg1 Rd1+ 0-1

[Event "Couzeix rapide 9 rondes cadences multiples"]
[Site "Couzeix Chess Club, France"]
[Date "2019.03.10"]
[Round "4.2"]
[White "Girel, Joseph"]
[Black "Besse, Florian"]
[Result "1-0"]
[TimeControl "5'+10''pm,  7'+10''pm, 10'+10''pm,"]
[WhiteElo "2220"]
[BlackElo "1762"]

1. e4 e6 2. d4 d5 3.
exd5 exd5 4. Nf3 Bd6 5.
c4 dxc4 6. Bxc4 Ne7 7. Ng5 O-O 8. Qh5 Bf5 9.
Nxf7 Rxf7 10. Qxf7+ Kh8 11. O-O Bg6 12. Qf3 Nbc6 13. Be3 Qd7 14. Nc3 a6 15. Rad1 Nf5 16. Bd3 Rf8 17. Qh3 Qe7 18.
Nd5 Qf7 19. Nf4 Bxf4 20. Bxf4 Nfxd4 21. Bxg6 Qxg6 22. Bxc7 Qc2 23. Qe3 Nf5 24. Qc3 Qe2 25. Qc5 Nce7 26. Rde1 Qxb2 27. Rxe7 Qf6 1-0

[Event "Couzeix rapide 9 rondes cadences multiples"]
[Site "Couzeix Chess Club, France"]
[Date "2019.03.10"]
[Round "4.3"]
[White "Jackson, Edgar"]
[Black "Charles, Simon"]
[Result "1-0"]
[TimeControl "5'+10''pm,  7'+10''pm, 10'+10''pm,"]
[WhiteElo "1701"]
[BlackElo "1754"]

1. d4 Nf6 2. Bg5 d6 3. Bxf6 gxf6 4. c4 e5 5. e3 Bf5 6.
Bd3 Bg6 7. Ne2 Nc6 8. h4 e4 9.
Bc2 h5 10. Ng3 f5 11. Nc3 Be7 12. Nd5 Kd7 13. Nxe7 Qxe7 14. Ba4 Kd8 15. Bxc6 bxc6 16. Qa4 Qd7 17. Ne2 f6 18. c5 d5 19.
Nf4 Bf7 20. O-O Ke7 21. b4 Rhb8 22. Rab1 Rb5 23. Qd1 a5 24. a3 axb4 25. axb4 Qc8 26. Nxh5 Qh8 27. Ng3 Ke6 28. f3 Qxh4 29.
Ne2 Rg8 30. fxe4 Qxe4 31. Nf4+ Kd7 32. Qf3 Rbb8 33. Qxe4 fxe4 34. Ne2 Rg6 35. Rf2 Be6 36. Nf4 Rg3 37. Rb3 f5 38. Kh2 Rg4 39.
Kg1 Rbg8 40. b5 cxb5 41. Rxb5 Ra8 42. Rb1 Ra3 43. c6+ Kd6 44. Kh2 Rxe3 45. Rb8 Bf7 46. Rf8 Rg7 47. Ne2 Bg6 48. Nf4 Bh7 49. Rf6+ Ke7 50.
Nxd5+ Ke8 51. Nxe3 Bg8 52. Nxf5 Rh7+ 53.
Kg1 Bd5 54. Ne3 Bb3 55. R2f4 Ke7 56. R6f5 Ba4 57. Rxe4+ Kd6 58.
Rf6# 1-0

[Event "Couzeix rapide 9 rondes cadences multiples"]
[Site "Couzeix Chess Club, France"]
[Date "2019.03.10"]
[Round "4.4"]
[White "Jackson, Thomas"]
[Black "Brun, Pierre"]
[Result "1/2-1/2"]
[TimeControl "5'+10''pm,  7'+10''pm, 10'+10''pm,"]
[WhiteElo "2106"]
[BlackElo "1684"]

1. d4 Nf6 2. Nf3 c5 3.
d5 b5 4.
g3 d6 5.
Bg2 Nbd7 6. a4 Bb7 7. axb5 g6 8.
Nc3 Bg7 9. O-O O-O 10. e4 Qb6 11. Nd2 Ne5 12. h3 Qc7 13. f4 Ned7 14. Nc4 Nh5 15. Kh2 a6 16. g4 Nhf6 17. Bd2 Nb6 18. Qe2 Nfd7 19. Na5 axb5 20. Nxb5 Qc8 21.
Bc3 Ba6 22. Bxg7 Kxg7 23. Rfb1 c4 24. Nc3 Nc5 25. Qe3 Qc7 26. Bf1 e6 27. Rd1 Rfe8 28. Bg2 exd5 29. Qd4+ Kg8 30. exd5 Bb7 31.
Nxb7 Qxb7 32. Re1 Nbd7 33. Rxa8 Rxa8 34. Ne4 Nxe4 35. Bxe4 Nc5 36. Bg2 Rb8 37. Qxc4 Qxb2 38. c3 Qd2 39.
Re2 Qd3 40. Qxd3 Nxd3 41. Kg3 Kf8 42. Re3 Nc5 43. Bf1 Re8 44. Rxe8+ Kxe8 45. Bb5+ Ke7 46. c4 f6 47. h4 h6 48. Kf3 g5 49. hxg5 hxg5 50.
f5 1/2-1/2

[Event "Couzeix rapide 9 rondes cadences multiples"]
[Site "Couzeix Chess Club, France"]
[Date "2019.03.10"]
[Round "5.1"]
[White "Dubreuil, Remy"]
[Black "Girel, Joseph"]
[Result "0-1"]
[TimeControl "5'+10''pm,  7'+10''pm, 10'+10''pm,"]
[WhiteElo "1714"]
[BlackElo "2220"]

1. b3 g6 2. Bb2 Nf6 3. Nf3 Bg7 4. e3 d6 5. c4 O-O 6. Be2 e5 7. d3 Nc6 8. Nbd2 h6 9. O-O Nh7 10.
d4 exd4 11. exd4 Ng5 12. Qc1 Re8 13. Re1 Qf6 14. Nxg5 hxg5 15. Bf3 Bf5 16. Bxc6 bxc6 17. Nf1 c5 18. Ne3 Be4 19. Rd1 0-1

[Event "Couzeix rapide 9 rondes cadences multiples"]
[Site "Couzeix Chess Club, France"]
[Date "2019.03.10"]
[Round "5.2"]
[White "Lougnon, Florian"]
[Black "Jackson, Edgar"]
[Result "0-1"]
[TimeControl "5'+10''pm,  7'+10''pm, 10'+10''pm,"]
[WhiteElo "1783"]
[BlackElo "1701"]

1. b3 Nf6 2. Bb2 e6 3. e3 c5 4. Nf3 Nc6 5. Be2 Be7 6.
O-O b6 7. d4 O-O 8. c4 d5 9. dxc5 Bxc5 10. cxd5 Nxd5 11. Nc3 Nce7 12. Qc2 Bb7 13. Ng5 Ng6 14. Rfd1 Qxg5 15. Ne4 Qe7 16.
Nxc5 Qxc5 17. Qd2 Nf6 18. Bd4 Qg5 19. Bf1 Nh4 20. Qb2 Nxg2 21. Bxf6 gxf6 22. f4 Nxf4+ 23. Kf2 Qh4+ 24. Kg1 Qg4+ 25.
Kf2 Qf3+ 26. Ke1 Qxe3+ 27. Be2 Nxe2 28. Qxe2 Qxe2+ 29. Kxe2 Rad8 30. Rg1+ Kh8 31. Rac1 Rg8 32. Rxg8+ Rxg8 33. Rc7 Rg2+ 34. Kf1 Bd5 35. Rxf7 f5 36. Rxa7 Rxh2 37. Ra6 Kg7 38. Rxb6 Rxa2 39. b4 Rb2 40. b5 Bc4+ 41. Ke1 Rxb5 0-1

[Event "Couzeix rapide 9 rondes cadences multiples"]
[Site "Couzeix Chess Club, France"]
[Date "2019.03.10"]
[Round "5.3"]
[White "Owen, Michael"]
[Black "Seddik, Houssem"]
[Result "1/2-1/2"]
[TimeControl "5'+10''pm,  7'+10''pm, 10'+10''pm,"]
[WhiteElo "1693"]
[BlackElo "1492"]

1. Nf3 d5 2. d4 c6 3. b3 Bg4 4.
Nbd2 f5 5. Ba3 Nf6 6. Ne5 Bh5 7. Ndf3 Nbd7 8. Bb2 e6 9. e3 Bd6 10. Be2 O-O 11. Nxd7 Nxd7 12. Ne5 Bxe2 13. Qxe2 a5 14.
O-O Qc7 15. f4 Nf6 16. c4 Bxe5 17. dxe5 Ne4 18. Rac1 Qd7 19. Rfd1 Qe7 20. Rd4 Rfd8 21. cxd5 Rxd5 22. Rxd5 cxd5 23. Bd4 Qb4 24. Qc2 h6 25. Bb2 Kh7 26. a3 Qb6 27. Bd4 Qb5 28. a4 Qb4 29. Rd1 Ra6 30.
Qb2 Rc6 31. g4 fxg4 32. Qg2 Qxb3 33. Qxg4 Qc2 34. Rf1 Qd2 35. f5 Rc2 36. Qg6+ Kg8 37. Qe8+ 1/2-1/2

[Event "Couzeix rapide 9 rondes cadences multiples"]
[Site "Couzeix Chess Club, France"]
[Date "2019.03.10"]
[Round "5.4"]
[White "Pottier, Simeon"]
[Black "Bonneau, Alain"]
[Result "1-0"]
[TimeControl "5'+10''pm,  7'+10''pm, 10'+10''pm,"]
[WhiteElo "2151"]
[BlackElo "1548"]

1. d4 Nf6 2. c4 e5 3. dxe5 Ne4 4. Nd2 Bb4 5. a3 Bxd2+ 6. Bxd2 Nxd2 7. Qxd2 Nc6 8. Nf3 Qe7 9. Qc3 b6 10. e3 Bb7 11. Be2 O-O-O 12. O-O g5 13. b4 g4 14. Nd4 Nxe5 15. c5 Qg5 16. cxb6 axb6 17. Rfc1 c6 18. Nb5 Kb8 19. Qd4 Nf3+ 20. Bxf3 gxf3 21. Qd6+ Ka8 22.
Nc7+ Ka7 23. g3 h5 24. a4 h4 25.
Nb5+ cxb5 26. axb5+ Ba6 27. Rxa6+ Kb7 28. Qxb6# 1-0

[Event "Couzeix rapide 9 rondes cadences multiples"]
[Site "Couzeix Chess Club, France"]
[Date "2019.03.10"]
[Round "6.1"]
[White "Girel, Joseph"]
[Black "Pottier, Simeon"]
[Result "1-0"]
[TimeControl "5'+10''pm,  7'+10''pm, 10'+10''pm,"]
[WhiteElo "2220"]
[BlackElo "2151"]

1. e4 e5 2. Nf3 Nc6 3. Bb5 a6 4.
Bxc6 dxc6 5. Nc3 Bc5 6. Nxe5 Bxf2+ 7.
Kxf2 Qd4+ 8. Ke1 Qxe5 9. d4 Qe7 10. Qf3 Be6 11. Be3 O-O-O 12. Kf2 Nf6 13. h3 Rhg8 14. Rhf1 g5 15. Kg1 Rg6 16.
Qf2 g4 17. h4 g3 18. Qf3 Bg4 19. Qxg3 Nxe4 20.
Nxe4 Qxe4 21. Rf4 Qe6 22. Qf2 f5 23. Kh2 Rdg8 24. g3 Bh5 25. Rg1 Re8 26. Rxf5 Qxe3 27. Qxe3 Rxe3 28. Rxh5 Re2+ 29. Rg2 Re7 30. Rf5 Kd7 31. h5 Rd6 32. c3 Rde6 33. g4 Re2 34. Rff2 Re1 35. g5 R1e4 36. Rf3 Rg7 37. h6 Rge7 38. g6 hxg6 39. Rxg6 Rh7 40. Rg7+ Re7 41. Rxh7 Rxh7 42. Rh3 Ke6 43.
Kg3 Kf5 44. Kf3 Kg5 45. Ke4 Re7+ 46.
Kd3 Rh7 47. Kc4 Kf5 48. b4 Ke6 49.
a4 Kd6 50. b5 cxb5+ 51. axb5 axb5+ 52. Kxb5 Kd7 53. c4 Kd6 54. Rh5 Kd7 55. d5 Kc8 56. c5 Kd7 57. Rh1 Kd8 58. c6 bxc6+ 59. dxc6 Ke7 60. Ka6 Ke6 61. Ka7 Kd5 62. Kb7 Kd6 63. Rh5 Ke6 64. Rh2 Kd6 65. Rd2+ Kc5 66. Rd7 Rxh6 67. Rxc7 Rh1 68. Rg7 Rb1+ 69. Kc7 Kb5 70. Rg5+ Ka6 71. Rg2 Rh1 72. Ra2+ Kb5 73. Kb7 Rh6 74. Rb2+ Ka5 75. c7 Rh7 76.
Kb8 1-0

[Event "Couzeix rapide 9 rondes cadences multiples"]
[Site "Couzeix Chess Club, France"]
[Date "2019.03.10"]
[Round "6.2"]
[White "Besse, Florian"]
[Black "Dubreuil, Remy"]
[Result "0-1"]
[TimeControl "5'+10''pm,  7'+10''pm, 10'+10''pm,"]
[WhiteElo "1762"]
[BlackElo "1714"]

1. d4 Nf6 2. Nf3 g6 3. Nc3 Bg7 4. e4 d6 5. h3 O-O 6. Be3 Nbd7 7. Qd2 c5 8. Bh6 cxd4 9. Nxd4 Qb6 10.
Bxg7 Kxg7 11. Nb3 Nc5 12. Nxc5 Qxc5 13. Be2 Be6 14. h4 b5 15. h5 b4 16. Nd5 Bxd5 17. exd5 Qxd5 18. Qf4 Qe5 19.
Qd2 Ne4 20. Qe3 Qxb2 21. Rc1 Qc3+ 22. Qxc3+ Nxc3 23. Bd3 e5 24. hxg6 hxg6 25. Kd2 e4 26. Ba6 Rh8 27. Rhg1 Rab8 28.
a3 Nd5 29. a4 Nc3 30. Rcf1 d5 31. f3 f5 32. fxe4 dxe4 33. Bc4 Nxa4 34. g4 Kf6 35. gxf5 gxf5 36. Rf2 Rh3 37. Rgf1 e3+ 0-1

[Event "Couzeix rapide 9 rondes cadences multiples"]
[Site "Couzeix Chess Club, France"]
[Date "2019.03.10"]
[Round "6.3"]
[White "Jackson, Thomas"]
[Black "Jackson, Edgar"]
[Result "1-0"]
[TimeControl "5'+10''pm,  7'+10''pm, 10'+10''pm,"]
[WhiteElo "2106"]
[BlackElo "1701"]

1. d4 Nf6 2. c4 g6 3. Nc3 Bg7 4. e4 d6 5. Be2 O-O 6. Nf3 c5 7. O-O Nbd7 8. Re1 b6 9. Be3 cxd4 10.
Nxd4 Bb7 11. f3 Rc8 12. Rc1 h6 13. Qd2 Kh7 14. b4 Ng8 15. a3 Ne5 16. Nd5 e6 17. Nc3 Nxc4 18. Bxc4 Rxc4 19. Ndb5 d5 20. exd5 a6 21. Nd4 Bxd5 22. Nxd5 Rxc1 23. Rxc1 Qxd5 24. Qf2 Ne7 25. Ne2 b5 26.
Bc5 Bf6 27. Nc3 Qg5 28. Rc2 Rd8 29. g3 Rd7 30. Ne4 Qe5 31. Kg2 Qa1 32. Ra2 Qe5 33. Rc2 Bg7 34. Rd2 Rxd2 35. Qxd2 Nd5 36. Bd6 Qb2 37. Qxb2 Bxb2 38. Nc5 Bxa3 39. Nxa6 e5 40. Kf2 f5 41. Ke2 g5 42. Kd3 Bb2 43.
Nb8 Nf6 44. Nc6 e4+ 45. fxe4 fxe4+ 46. Ke2 Bd4 47. Nxd4 Nd5 48. Nxb5 1-0

[Event "Couzeix rapide 9 rondes cadences multiples"]
[Site "Couzeix Chess Club, France"]
[Date "2019.03.10"]
[Round "6.4"]
[White "Seddik, Houssem"]
[Black "Brun, Pierre"]
[Result "1-0"]
[TimeControl "5'+10''pm,  7'+10''pm, 10'+10''pm,"]
[WhiteElo "1492"]
[BlackElo "1684"]

1. e4 e6 2. d3 d5 3. Nd2 Nf6 4. Ngf3 c5 5. g3 Nc6 6.
Bg2 Bd7 7. O-O Be7 8. Re1 O-O 9. e5 Ne8 10. Nf1 f6 11. h4 fxe5 12. Nxe5 Nxe5 13. Rxe5 Bd6 14. Re1 Qf6 15. Qe2 h6 16.
Ne3 Nc7 17. Ng4 Qg6 18. Ne5 Qe8 19. c4 Bc6 20. Nxc6 bxc6 21. Qg4 h5 22. Qe2 Qf7 23. Bg5 Rae8 24. b3 e5 25. Qd2 Ne6 26. cxd5 Nxg5 27. Qxg5 cxd5 28.
Re2 d4 29. Rae1 Qf5 30. Bd5+ Kh8 31. Qd2 Qf6 32. Be4 Re7 33. Kg2 Kg8 34. Bd5+ Kh7 35. Be4+ g6 36. f3 Kg7 37. Rf2 Qe6 38.
Qg5 Qf6 39. Qd2 Qe6 40. Qe2 Qf6 41. Bd5 Qf5 42. Be4 Qf6 43. Bd5 Qf5 44. f4 exf4 45. Be4 Qf6 46. gxf4 Bxf4 47. Ref1 Qxh4 48. Rh1 Qg3+ 49. Kf1 Rf6 50. Rg1 Qe3 51. Qxh5 Qxf2+ 52. Kxf2 Bg5+ 53. Qf3 Rxf3+ 54. Kxf3 Rf7+ 55. Ke2 Be3 56. Rxg6+ Kf8 57. Ra6 Rc7 58. Kf3 Bd2 59. Kg4 Bb4 60. Kf5 Re7 61. Rh6 Ke8 62. Kf6 Rf7+ 63. Ke6 Rf8 64.
Rh7 Kd8 65. Rxa7 Re8+ 66. Kd6 c4+ 67. Kc6 c3 68. Rd7+ Kc8 69. Rxd4 c2 70. Rc4 Re7 71. Kb6+ Kb8 72. Rxc2 Re6+ 73. Rc6 Re7 74. Kb5 Rb7+ 75.
Rb6 Rxb6+ 76. Kxb6 Kc8 77. a4 Bc3 78. Kb5 Kc7 79. b4 Bd4 80. a5 Ba7 81. Kc4 Be3 82. b5 Kb8 83. d4 Bf4 84. Kc5 Bc7 85. b6 Bd8 86. a6 Be7+ 87. Kc6 Bd8 88. a7+ 1-0

[Event "Couzeix rapide 9 rondes cadences multiples"]
[Site "Couzeix Chess Club, France"]
[Date "2019.03.10"]
[Round "7.1"]
[White "Seddik, Houssem"]
[Black "Girel, Joseph"]
[Result "0-1"]
[TimeControl "5'+10''pm,  7'+10''pm, 10'+10''pm,"]
[WhiteElo "1492"]
[BlackElo "2220"]

1. e4 c5 2. Nc3 a6 3. f4 b5 4. Nf3 Bb7 5. d3 e6 6. g3 b4 7. Ne2 d5 8. exd5 exd5 9. Bg2 Nf6 10. O-O Be7 11. d4 c4 12.
c3 O-O 13. Ne5 Nc6 14. Be3 a5 15. Qc2 Bd6 16. Kh1 a4 17. Ng1 a3 18. bxa3 Rxa3 19. Bd2 Qa5 20. cxb4 Nxb4 21. Bxb4 Bxb4 22.
Rfb1 Bc3 23. Rxb7 Bxa1 24. Ne2 Rxa2 25. Qd1 c3 26. Nc1 c2 27. Qe2 Bxd4 28. Ned3 Qa6 29. Re7 Ra1 30. h3 Qa3 31. Qxc2 Qxe7 0-1

[Event "Couzeix rapide 9 rondes cadences multiples"]
[Site "Couzeix Chess Club, France"]
[Date "2019.03.10"]
[Round "7.2"]
[White "Dubreuil, Remy"]
[Black "Jackson, Thomas"]
[Result "0-1"]
[TimeControl "5'+10''pm,  7'+10''pm, 10'+10''pm,"]
[WhiteElo "1714"]
[BlackElo "2106"]

1. b3 Nf6 2. Bb2 e6 3. e3 b6 4. Nf3 Bb7 5. Be2 d5 6. d3 Bd6 7. O-O Nbd7 8. Nbd2 O-O 9. c4 c5 10.
d4 Rc8 11. Rc1 Qe7 12. Ne5 Ne4 13. f4 cxd4 14. exd4 Ndf6 15. Bf3 Nxd2 16. Qxd2 Rfd8 17. Qf2 Ba3 18. Rc2 Bxb2 19. Rxb2 dxc4 20.
bxc4 Bxf3 21. gxf3 Nh5 22. Qe3 Qf6 23. Ng4 Qxd4 24. Qxd4 Rxd4 25. c5 Rxc5 26. Re1 Nxf4 27. Rbb1 h5 28.
Ne5 f6 29. Kf1 0-1